 Dungeon Crawl Stone Soup version 0.29.1-1-gd02db6906a (webtiles) character file.

Game seed: 1181849486852126721

1011 H0rd4k the Insei (level 8, -4/51 HPs)
             Began as an Octopode Transmuter on Oct 20, 2022.
             Was an Initiate of Gozag.
             Slain by an ice beast (8 damage)
             ... on level 7 of the Dungeon.
             The game lasted 00:06:46 (6811 turns).

H0rd4k the Insei (Octopode Transmuter)              Turns: 6811, Time: 00:06:47

Health: -4/51      AC:  1    Str:  9    XL:     8   Next: 21%
Magic:  14/14      EV: 14    Int: 17    God:    Gozag
Gold:   220        SH:  0    Dex: 13    Spells: 11/15 levels left

rFire   . . .      SeeInvis +     - Unarmed
rCold   . . .      Faith    .   (no shield)
rNeg    . . .      Spirit   .   (helmet restricted)
rPois   .          Reflect  .   j - amulet of magic regeneration
rElec   .          Harm     .   l - ring of see invisible
rCorr   .          Rampage  .   z - ring of willpower
Will    +....                   (no ring)
Stlth   ++........              (no ring)
HPRegen 0.17/turn               (no ring)
MPRegen 0.54/turn               (no ring)
                                (no ring)
                                (no ring)

@: confused, ambrosia-drunk, gold aura
A: almost no armour, amphibious, 8 rings, camouflage 1, gelatinous body 1,
(nimble swimmer 1), tentacles
a: Renounce Religion, Potion Petition, Call Merchant, Bribe Branch


You were on level 7 of the Dungeon.
You worshipped Gozag.
Gozag was aware of your devotion.
You visited 2 branches of the dungeon, and saw 8 of its levels.

You collected 297 gold pieces.
You paid 77 gold pieces to Gozag.

Inventory:

Hand Weapons
 s - a +2 sling of flaming
Missiles
 r - 7 poisoned darts (quivered)
Magical Staves
 k - a staff of poison
Jewellery
 j - an amulet of magic regeneration (around mantle)
 l - a ring of see invisible (left tentacle)
 z - a ring of willpower (right tentacle)
Wands
 t - a wand of roots (10)
Scrolls
 f - 3 scrolls of noise {unknown}
 g - a scroll of fear {unknown}
 h - 5 scrolls of identify {unknown}
 m - 2 scrolls of vulnerability {unknown}
 n - a scroll of immolation {unknown}
 o - 2 scrolls of teleportation {unknown}
 p - 2 scrolls of butterflies {unknown}
 v - a scroll of enchant armour {unknown}
 x - a scroll of summoning {unknown}
 y - a scroll of poison {unknown}
 B - a scroll of enchant weapon {unknown}
Potions
 a - 2 potions of lignification
 b - a potion of ambrosia
 c - 2 potions of haste {unknown}
 d - a potion of resistance {unknown}
 e - 4 potions of magic {unknown}
 i - 5 potions of flight {unknown}
 q - 2 potions of degeneration {unknown}
 u - 2 potions of brilliance {unknown}
 w - a potion of berserk rage {unknown}
 A - a potion of mutation {unknown}
 C - a potion of might {unknown}


   Skills:
 + Level 2.5 Fighting
 + Level 0.4 Throwing
 + Level 4.0 Dodging
 + Level 6.4 Unarmed Combat
 * Level 4.0 Spellcasting
 * Level 3.8 Transmutations
 * Level 2.5 Poison Magic


You had 11 spell levels left.
You knew the following spells:

 Your Spells              Type           Power      Damage    Failure   Level
a - Beastly Appendage     Tmut           32%        N/A       3%          1
b - Spider Form           Tmut/Pois      14%        N/A       13%         3

Your spell library contained the following spells:

 Spells                   Type           Power      Damage    Failure   Level
 Wereblood                Tmut           16%        N/A       4%          2
 Summon Small Mammal      Summ           12%        N/A       16%         1
 Call Canine Familiar     Summ           3%         N/A       43%         3
 Summon Guardian Golem    Hex/Summ       3%         N/A       43%         3
 Ice Form                 Ice/Tmut       9%         N/A       56%         4


Dungeon Overview and Level Annotations

Branches:
Dungeon (7/15)             Temple (1/1) D:6

Altars:
Cheibriados
Dithmenos
Fedhas
Gozag
Kikubaaqudgha
Nemelex Xobeh
Qazlal
Ru
Sif Muna
Trog
Uskayaw
Vehumet
Wu Jian
The Shining One

Shops:
D:4 [

Annotations:
D:3 exclusion: 2 downstairs
D:4 Menkaure, Robin, Sigmund
D:5 2 transporters, exclusion: upstairs, Anriel's ghost, novice GrFi
D:6 exclusions: orc warrior and upstairs


Innate Abilities, Weirdness & Mutations

You cannot wear most types of armour.
You are amphibious.
You can wear up to eight rings at the same time.
Your skin changes colour to match your surroundings (Stealth+).
Your rubbery body absorbs attacks. (AC +1, EV +1)
((You are camouflaged when in or above water. (Stealth+)))
You have tentacles for arms and can constrict up to eight enemies at once.


Message History

The centaur kicks you but does no damage.
An ice beast comes into view.
You hit the centaur but do no damage.
The centaur is heavily wounded.
The centaur barely misses you. The centaur kicks you. The centaur hits you.
The centaur barely misses you.
You hit the centaur but do no damage.
The centaur looks as sick as possible!
The centaur is heavily wounded.
The centaur barely misses you. The centaur misses you.
You hit the centaur.
The centaur is severely wounded.
The shadow imp misses you.
The centaur hits you but does no damage.
The centaur kicks you.
You hit the centaur.
You kill the centaur!
The shadow imp misses you.
Your Spellcasting skill increases to level 4!
You hit the shadow imp.
The shadow imp is heavily wounded.
The shadow imp closely misses you.
You bite the shadow imp!
You kill the shadow imp!
Your transformation has ended.
You see here 8 gold pieces.
Things that are here:
16 gold pieces; a +0 shortbow You tentacle-slap the ice beast.
You squeeze the ice beast, but do no damage.
The ice beast is lightly wounded.
The ice beast hits you. The ice beast freezes you!
* * * LOW HITPOINT WARNING * * *
Unknown command.
It was a potion of ambrosia.
You are confused.
You feel invigorated. The ice beast hits you.
* * * LOW HITPOINT WARNING * * *
The ice beast freezes you!
You die...
Your body crumbles into a pile of gold.

#..........
#..........
#..........
#.......... $
#..........
#......... #.....#
#.Y$..#
###############.@...#
....................#
....................+
....................#
....................#
....................#
###'##..[..##+##+####
#....#.....#
#....#.....#


You could see an ice beast.

Vanquished Creatures
  2 water moccasins
  A centaur (D:7)
  2 phantoms (D:5)
  A necrophage (D:4)
  A scorpion (D:4)
  7 hounds
  2 iguanas
  5 adders
  4 gnolls
  2 shadow imps
  2 ufetubi (D:5)
  2 worms
  A dart slug (D:2)
  9 orcs
  3 ball pythons (D:3)
  A bat (D:2)
  3 endoplasms
  5 giant cockroaches
  12 goblins
  4 hobgoblins
  3 jackals (D:2)
  2 quokkas
  A frilled lizard (D:3)
  7 kobolds
  2 rats (D:1)
84 creatures vanquished.

Vanquished Creatures (others)
  9 fungi (D:4)
9 creatures vanquished.

Grand Total: 93 creatures vanquished

Notes
Turn   | Place    | Note
-------+----------+-------------------------------------------
     0 | D:1      | H0rd4k the Octopode Transmuter began the quest for the Orb.
     0 | D:1      | Reached XP level 1. HP: 13/13 MP: 3/3
   328 | D:1      | Reached XP level 2. HP: 18/18 MP: 5/5
   956 | D:2      | Reached XP level 3. HP: 23/23 MP: 6/6
  1604 | D:2      | Found a faded altar of an unknown god.
  1696 | D:3      | Found a sparkling altar of Nemelex Xobeh.
  2017 | D:3      | Reached XP level 4. HP: 27/28 MP: 7/7
  2412 | D:4      | Noticed a necrophage
  2474 | D:4      | Found Escham's Antique Armour Shop.
  2484 | D:4      | Reached skill level 4 in Unarmed Combat
  2487 | D:4      | Noticed a scorpion
  2773 | D:4      | Killed a scorpion
  2774 | D:4      | Reached XP level 5. HP: 14/33 MP: 7/9
  3429 | D:4      | Noticed Menkaure
  3438 | D:4      | Reached skill level 5 in Unarmed Combat
  3438 | D:4      | Reached XP level 6. HP: 29/39 MP: 10/10
  3537 | D:4      | Noticed Robin
  3800 | D:4      | Noticed Sigmund
  3847 | D:3      | Learned a level 3 spell: Spider Form
  4091 | D:4      | Noticed a sky beast
  4100 | D:5      | Entered Level 5 of the Dungeon
  4275 | D:5      | Noticed an ice beast
  4275 | D:5      | Noticed an ice beast
  4539 | D:6      | Noticed an orc warrior
  5167 | D:6      | Reached XP level 7. HP: 45/45 MP: 9/12
  5572 | D:6      | Found a staircase to the Ecumenical Temple.
  5586 | Temple   | Entered the Ecumenical Temple
  5672 | Temple   | Became a worshipper of Gozag Ym Sagoz the Greedy
  5970 | D:5      | Reached skill level 1 in Poison Magic
  6075 | D:5      | Reached skill level 6 in Unarmed Combat
  6485 | D:5      | Found a transporter.
  6600 | D:5      | Found a transporter.
  6601 | D:5      | Noticed Anriel's ghost (novice GrFi)
  6684 | D:7      | Reached XP level 8. HP: 47/51 MP: 13/13
  6811 | D:7      | Slain by an ice beast

Illustrated notes

Levels and vault maps discovered:
D:1:      eino_arrival_druids_welcome, layout_basic
D:2:      layout_basic, ebering_ecumenical_altar_rust
D:3:      layout_basic, nemelex_dance_club_becter
D:4:      layout_cave_pools, mainiacjoe_overflow_tiny_flanked, serial_shops,
          nicolae_shop_temple_entry_statues_fountains, dreamdust_gnoll_farm,
          uniq_robin, uniq_sigmund, uniq_menkaure
D:5:      minmay_opposing_rooms, layout_basic, gammafunk_ghost_mausoleum
D:6:      layout_layer_cave, minmay_temple_entry_nine_rooms
D:7:      layout_gridville, corexii_item_surrounded_by_moat
Temple:   nicolae_temple_superstar

Skill      XL: |  1  2  3  4  5  6  7  8 |
---------------+-------------------------+-----
Unarmed Combat | 4 5 6 |  6.4
Dodging        | 3 4 |  4.0
Spellcasting   | 3 4 |  4.0
Fighting       | 2 |  2.5
Transmutations | 3 |  3.8
Poison Magic   | 2 |  2.5
Throwing       | |  0.4

Action                   |  1- 3 |  4- 6 |  7- 9 || total
-------------------------+-------+-------+-------++-------
Melee: Unarmed           |    92 |   129 |    76 ||   297
       Constrict         |    24 |    32 |     3 ||    59
       Tentacles         |    16 |    18 |     9 ||    43
       Punch             |     4 |     4 |     1 ||     9
       Kick              |     3 |    24 |     1 ||    28
Throw: Dart              |       |     4 |       ||     4
 Cast: Beastly Appendage |     1 |    15 |     2 ||    18
       Spider Form       |       |     1 |     6 ||     7
  Use: Potion            |       |     4 |     1 ||     5
 Stab: Sleeping          |     8 |     1 |       ||     9
Armor: Skin              |     8 |    12 |     3 ||    23
Dodge: Dodged            |    57 |   101 |    58 ||   216
